 Dungeon Crawl Stone Soup version 0.31-a0-222-gefeffbb62a (webtiles) character file.

Game seed: 11117283893800143482

728 qw the Chopper (level 7, 0/43 HPs)
             Began as a Gargoyle Fighter on July 5, 2023.
             Slain by a gnoll
             ... wielding a +0 halberd
              (13 damage)
             ... on level 5 of the Dungeon.
             The game lasted 00:02:11 (3563 turns).

qw the Chopper (Gargoyle Fighter)                   Turns: 3563, Time: 00:02:12

Health: 0/43       AC: 15    Str: 21    XL:     7   Next: 72%
Magic:  7/7        EV:  8    Int:  7    God:
Gold:   16         SH:  4    Dex:  9    Spells: 6/6 levels left

rFire   + + +        f - +2 broad axe of the Fifty Realms {flame, rF+++ Will- rCorr}
rCold   . . .        c - +0 buckler
rNeg    + . .        p - +0 chain mail
rPois   inf          (no helmet)
rElec   +            (no cloak)
rCorr   +            (no gloves)
SInv    .            l - +0 pair of boots
Will    .....        (no amulet) Stlth
                     (no ring)
HPRegen 0.27/turn    (no ring)
MPRegen 0.10/turn

%: no passive effects
@: no status effects
A: sickness immunity, AC +4, negative energy resistance 1, electricity
resistance, torment resistance 1, petrification resistance, dopey 1
a: no special abilities


You were on level 5 of the Dungeon.
You visited 2 branches of the dungeon, and saw 6 of its levels.

You collected 138 gold pieces.
You spent 122 gold pieces at shops.


Innate Abilities, Weirdness & Mutations

You are immune to sickness and miasma.
Your stone body is resilient. (AC +4)
You are immune to poison.
You resist negative energy. (rN+)
You are resistant to electric shocks. (rElec)
You are resistant to unholy torment.
You are immune to petrification.
You are dopey. (Int -2)


   Skills:
 + Level 4.1 Fighting
 - Level 7.0 Axes
 - Level 3.2 Armour
 - Level 2.0 Dodging
 - Level 3.2 Shields


You had 6 spell levels left.
You didn't know any spells.
Your spell library was empty.

Inventory:

Hand Weapons
 f - the +2 broad axe of the Fifty Realms (weapon) {flame, rF+++ Will- rCorr}
   (You acquired it on level 2 of the Dungeon)

   rF:        It renders you almost immune to fire.
   rCorr:     It protects you from acid and corrosion.
   Will:      It decreases your willpower.
 m - a +0 war axe
Armour
 c - a +0 buckler (worn)
 l - a +0 pair of boots (worn)
 p - a +0 chain mail (worn)
Scrolls
 a - a scroll of identify
 j - a scroll of teleportation
Potions
 d - a potion of might
 e - 3 potions of mutation
 h - 2 potions of heal wounds
 i - 2 potions of haste
 q - 2 potions of attraction
 r - a potion of brilliance {unknown}

Dungeon Overview and Level Annotations

Branches:
Dungeon (5/15)             Temple (1/1) D:4

Altars:
Ashenzari
Cheibriados
Elyvilon
Gozag
Hepliaklqana
Kikubaaqudgha
Nemelex Xobeh
Qazlal
Ru
Sif Muna
Trog
Uskayaw
Wu Jian
Xom
Yredelemnul
The Shining One

Shops:
D:2 *:((   D:4 **


Message History

A sky beast comes into view.
A gnoll comes into view. It is wielding a +0 club.
The orc wizard hits you but does no damage.
The gnoll hits you from afar with a +0 spear.
The orc barely misses you.
You hit the orc wizard but do no damage.
The orc wizard is almost dead.
You closely miss the orc. The orc hits you but does no damage.
A gnoll comes into view. It is wielding a +0 flail.
The gnoll hits you but does no damage. The orc wizard misses you.
The gnoll shouts!
You slash the orc wizard! You burn the orc wizard.
You kill the orc wizard!
You barely miss the orc.
You hear a shout!
The orc barely misses you. The gnoll hits you but does no damage.
The orc hits you but does no damage.
The gnoll hits you from afar with a +0 spear.
A gnoll comes into view. It is wielding a +0 halberd.
Your Axes skill increases to level 7!
You slash the orc! You burn the orc.
You kill the orc!
The gnoll hits you but does no damage.
Found a stormy altar of Qazlal.
An orc comes into view. It is wielding a +0 dagger.
The gnoll hits you with a +0 spear.
Things that are here:
a +0 mace of protection; 3 boomerangs; an orc corpse You hit the gnoll.
You burn the gnoll.
The gnoll is severely wounded.
The gnoll hits you with a +0 spear.
You hit the gnoll. You burn the gnoll.
You kill the gnoll!
You hit the sky beast. You burn the sky beast.
The sky beast is moderately wounded.
The sky beast hits you. The sky beast shocks you. You resist.
The gnoll hits you from afar with a +0 halberd.
The gnoll hits you from afar with a +0 halberd!
You die...

##### ...# # ##.##
.#.## ##...##g.....
#..))@Yg..#.#
#....##g.#... #.#.##
#o.. #.#.# .._. #.#.#
... ##### #.#.# .. ..
##...###.#.###... #
.##.......#.........
..........#.#.#.......


You could see a sky beast, 3 gnolls and an orc.

Vanquished Creatures
  2 ice beasts
  A phantom (D:4)
  A scorpion (D:4)
  A howler monkey (D:5)
  An orc priest (D:4)
  A hound (D:4)
  An iguana (D:5)
  Jessica (D:2)
  2 orc wizards
  4 gnolls
  3 adders
  2 ufetubi (D:5)
  3 worms
  5 dart slugs
  14 orcs
  A bat zombie (D:3)
  8 endoplasms
  4 giant cockroaches
  5 goblins
  5 hobgoblins
  6 jackals
  8 kobolds
  5 quokkas
  9 ball pythons
  5 bats
  2 frilled lizards (D:1)
  5 rats
  3 rat zombies (D:3)
108 creatures vanquished.

Notes
Turn   | Place    | Note
-------+----------+-------------------------------------------
     0 | D:1      | qw the Gargoyle Fighter began the quest for the Orb.
     0 | D:1      | Reached XP level 1. HP: 14/14 MP: 1/1
     0 | D:1      | 0 ||| qw: Version: 0.3-a-46-gb1f654a
     0 | D:1      | 0 ||| qw: Game counter: 1060
     0 | D:1      | 0 ||| qw: Melee chars always use a shield: true
     0 | D:1      | 0 ||| qw: God list: Okawaru
     0 | D:1      | 0 ||| qw: Allow faded altars: false
     0 | D:1      | 0 ||| qw: Do Orc after clearing Dungeon:15 true
     0 | D:1      | 0 ||| qw: Do second Lair branch before Depths: true
     0 | D:1      | 0 ||| qw: Lair rune preference: random
     0 | D:1      | 0 ||| qw: Goals: Normal, Zot:1-4, Slime:5, God:TSO, Crypt,
                  | Tomb, Abyss, Pan, Hells, Win
     0 | D:1      | 0 ||| PLANNING D:1-11
    25 | D:1      | Reached skill level 2 in Axes
    32 | D:1      | Reached XP level 2. HP: 19/19 MP: 2/2
   245 | D:1      | Reached skill level 3 in Axes
   256 | D:1      | Reached XP level 3. HP: 21/23 MP: 3/3
   257 | D:1      | 257 ||| Stepping ~*~*~tactically~*~*~ (hiding).
   260 | D:1      | 260 ||| Stepping ~*~*~tactically~*~*~ (hiding).
   386 | D:1      | 386 ||| DROPPING +0 club.
   484 | D:1      | 484 ||| Stepping ~*~*~tactically~*~*~ (stealth).
   490 | D:1      | 490 ||| Stepping ~*~*~tactically~*~*~ (stealth).
   491 | D:1      | 491 ||| Stepping ~*~*~tactically~*~*~ (stealth).
   811 | D:1      | Found a faded altar of an unknown god.
   820 | D:1      | 820 ||| Stepping ~*~*~tactically~*~*~ (hiding).
   822 | D:1      | 822 ||| Stepping ~*~*~tactically~*~*~ (hiding).
  1106 | D:1      | 1106 ||| READING scroll labelled QASUAPSUADI.
  1109 | D:1      | 1109 ||| READING 2 scrolls labelled HEAC ZADYICK.
  1110 | D:1      | 1110 ||| DRINKING 3 glowing clear potions.
  1110 | D:1      | Gained mutation: You are dopey. (Int -2) [potion of
                  | mutation]
  1111 | D:1      | 1111 ||| DROPPING scroll of poison.
  1154 | D:2      | Found Suatsec's Assorted Antiques.
  1161 | D:2      | 1161 ||| BUYING scroll labelled EZERENNEURR (21 gold).
  1161 | D:2      | Bought a scroll labelled EZERENNEURR for 21 gold pieces
  1161 | D:2      | 1161 ||| BUYING scroll labelled QICLU YDAOH (21 gold).
  1161 | D:2      | Bought a scroll labelled QICLU YDAOH for 21 gold pieces
  1161 | D:2      | 1161 ||| SHOPLISTING scroll of teleportation (63 gold, have
                  | 5).
  1161 | D:2      | 1161 ||| SHOPLISTING sedimented sapphire potion (18 gold,
                  | have 5).
  1161 | D:2      | 1161 ||| SHOPLISTING short wooden wand (84 gold, have 5).
  1233 | D:2      | Noticed Jessica
  1250 | D:2      | Killed Jessica
  1251 | D:2      | Reached skill level 4 in Axes
  1251 | D:2      | Reached XP level 4. HP: 13/28 MP: 4/4
  1372 | D:2      | 1372 ||| READING 2 scrolls labelled EZERENNEURR.
  1421 | D:2      | 1421 ||| READING scroll labelled QICLU YDAOH.
  1447 | D:2      | Found Xuhol's Weapon Shoppe.
  1455 | D:2      | 1455 ||| SHOPLISTING +2 mace of holy wrath (226 gold, have
                  | 18).
  1585 | D:2      | Found a stormy altar of Qazlal.
  1656 | D:2      | 1656 ||| Stepping ~*~*~tactically~*~*~ (hiding).
  1657 | D:2      | 1657 ||| Stepping ~*~*~tactically~*~*~ (hiding).
  1770 | D:2      | Found Astrul's Book Shoppe.
  1947 | D:2      | Found Geckotue's Antique Weapon Boutique.
  1997 | D:2      | 1997 ||| UPGRADING to +0 pair of boots.
  2002 | D:2      | 2002 ||| READING scroll labelled QULINIJYSHRU.
  2002 | D:2      | Identified a scroll of acquirement
  2002 | D:2      | 2002 ||| ACQUIRING +2 broad axe of the Fifty Realms {flame,
                  | rF+++ Will- rCorr}
  2002 | D:2      | Acquired the +2 broad axe of the Fifty Realms {flame, rF+++
                  | Will- rCorr}
  2004 | D:2      | 2004 ||| SWAPPING to +2 broad axe of the Fifty Realms
                  | {flame, rF+++ Will- rCorr}.
  2005 | D:2      | 2005 ||| DROPPING +0 mace.
  2006 | D:2      | 2006 ||| DRINKING 2 puce potions.
  2055 | D:3      | Noticed an ice beast
  2067 | D:3      | Killed an ice beast
  2068 | D:3      | Reached skill level 5 in Axes
  2068 | D:3      | Reached XP level 5. HP: 32/32 MP: 5/5
  2283 | D:3      | Found an ornate altar of the Wu Jian Council.
  2429 | D:3      | Reached XP level 6. HP: 38/38 MP: 6/6
  2429 | D:3      | Found a broken altar of Ashenzari.
  2592 | D:3      | Found a hide-covered altar of Uskayaw.
  2729 | D:3      | Found an ancient bone altar of Kikubaaqudgha.
  2776 | D:3      | 2776 ||| UPGRADING to +0 chain mail.
  2786 | D:3      | 2786 ||| DROPPING +0 scale mail.
  2787 | D:3      | 2787 ||| DROPPING amulet of magic regeneration.
  2788 | D:3      | 2788 ||| READING scroll labelled KEUNUCLOPN.
  2889 | D:3      | 2889 ||| READING scroll labelled QIPUYL BOBBI.
  2890 | D:3      | 2890 ||| READING 4 scrolls of identify.
  2890 | D:3      | 2890 ||| IDENTIFYING pink potion
  2891 | D:3      | 2891 ||| READING 3 scrolls of identify.
  2891 | D:3      | 2891 ||| IDENTIFYING smoky green potion
  2892 | D:3      | 2892 ||| READING 2 scrolls of identify.
  2892 | D:3      | 2892 ||| IDENTIFYING bubbling dark potion
  2893 | D:3      | 2893 ||| DROPPING potion of degeneration.
  2920 | D:4      | 2920 ||| Stepping ~*~*~tactically~*~*~ (stealth).
  2946 | D:4      | Reached skill level 6 in Axes
  2990 | D:4      | 2990 ||| Stepping ~*~*~tactically~*~*~ (stealth).
  3000 | D:4      | Reached XP level 7. HP: 42/43 MP: 7/7
  3071 | D:4      | 3071 ||| Stepping ~*~*~tactically~*~*~ (stealth).
  3160 | D:4      | Found a staircase to the Ecumenical Temple.
  3161 | D:4      | 3161 ||| PLANNING TEMPLE
  3161 | D:4      | 3161 ||| READING 2 scrolls of identify.
  3161 | D:4      | 3161 ||| IDENTIFYING fuming silvery potion
  3170 | Temple   | Entered the Ecumenical Temple
  3204 | Temple   | 3204 ||| PLANNING D:1-11
  3245 | D:4      | 3245 ||| DRINKING potion of curing.
  3245 | D:4      | 3245 ||| (to cure confusion)
  3437 | D:4      | Found Seiniur's General Store.
  3438 | D:4      | 3438 ||| Stepping ~*~*~tactically~*~*~ (hiding).
  3454 | D:4      | Found Rocw's Specific Store.
  3458 | D:4      | 3458 ||| BUYING potion of curing (30 gold).
  3458 | D:4      | Bought a potion of curing for 30 gold pieces
  3458 | D:4      | 3458 ||| BUYING potion of heal wounds (50 gold).
  3458 | D:4      | Bought a potion of heal wounds for 50 gold pieces
  3458 | D:4      | 3458 ||| SHOPLISTING scarf of resistance (320 gold, have
                  | 16).
  3458 | D:4      | 3458 ||| SHOPLISTING scroll of identify (20 gold, have 16).
  3509 | D:5      | Entered Level 5 of the Dungeon
  3551 | D:5      | 3551 ||| DRINKING potion of curing.
  3551 | D:5      | 3551 ||| (to cure confusion)
  3559 | D:5      | Reached skill level 7 in Axes
  3560 | D:5      | Found a stormy altar of Qazlal.
  3563 | D:5      | Slain by a gnoll

Levels and vault maps discovered:
D:1:      giann_bridges, layout_basic, shapermc_ecumenical_altar_gd
D:2:      layout_loops_ring, serial_shops, shop, nicolae_shop_real_fake_doors,
          nicolae_shop_pleasant_corner_grove, shop, serial_glass,
          glass_columns_a, glass_columns_c, glass_columns_c, glass_columns_a,
          glass_columns_b, glass_columns_a, glass_columns_a, glass_columns_a,
          glass_columns_a, glass_columns_a, glass_columns_c, glass_columns_c,
          glass_columns_b, glass_columns_a, basic_altar,
          hangedman_decor_clover_reticule, minmay_misc_feat_alley,
          minmay_misc_feat_more_columns, minmay_liquid_box, uniq_jessica
D:3:      layout_loops_ring, ashenzari_conservatory_becter,
          lemuel_zombie_altar_kikubaaqudgha,
          nicolae_wu_jian_immortal_techniques,
          nicolae_uskayaw_murder_on_the_dancefloor
D:4:      layout_cave_pools, minmay_temple_entry_drinking_statues,
          nicolae_specific_store, minmay_misc_feat_diagonals
D:5:      layout_loops_ring, lemuel_crystal_altar,
          nicolae_qazlal_beasts_of_the_sky
Temple:   hellmonk_temple_of_storms

Skill      XL: |  1  2  3  4  5  6  7 |
---------------+----------------------+-----
Axes           | 2 3 4 5 6 7 |  7.0
Fighting       | 4 |  4.1
Dodging        | 2 |  2.0
Armour         | |  3.2
Shields        | |  3.2

Action                     |  1- 3 |  4- 6 |  7- 9 || total
---------------------------+-------+-------+-------++-------
  Melee: War axe           |   104 |    40 |       ||   144
         Broad axe         |       |    83 |    63 ||   146
    Use: Scroll            |     2 |     8 |     1 ||    11
         Potion            |     1 |     1 |     2 ||     4
 Armour: Scale mail        |    51 |    52 |       ||   103
         Chain mail        |       |    14 |    40 ||    54
  Dodge: Dodged            |    55 |    39 |    15 ||   109
  Block: Buckler           |    22 |    21 |     7 ||    50

Table legend:
 A = Non-vault XP
 B = Vault XP
 C = Vault XP percentage of total XP
 D = Non-vault monster count
 E = Vault monster count
 F = Vault count percentage of total count
                 A         B        C        D         E       F
            +---------+---------+-------+---------+---------+-------
      Total |     998 |      42 |   4.0 |     103 |       5 |   4.6
            +---------+---------+-------+---------+---------+-------
        D:1 |      58 |       0 |   0.0 |      29 |       0 |   0.0
        D:2 |      51 |      37 |  42.0 |      21 |       1 |   4.5
        D:3 |     195 |       5 |   2.5 |      22 |       4 |  15.4
        D:4 |     530 |       0 |   0.0 |      23 |       0 |   0.0
        D:5 |     164 |       0 |   0.0 |       8 |       0 |   0.0
            +---------+---------+-------+---------+---------+-------
